 Dungeon Crawl Stone Soup version 0.17-a0-18-gc25b939 (webtiles) character file.

1393 PolkaDot the Jinx (level 8, -3/52 HPs)
             Began as a Vampire Enchanter on Mar 5, 2015.
             Was an Initiate of Ashenzari.
             Killed from afar by an electric eel (4 damage)
             ... with a bolt of electricity
             ... on level 6 of the Dungeon.
             The game lasted 00:21:45 (7405 turns).

PolkaDot the Jinx (Vampire Enchanter)               Turns: 7405, Time: 00:21:46

Health: -3/52      AC:  5    Str:  5    XL:     8   Next: 41%
Magic:  5/13       EV: 12    Int: 19    God:    Ashenzari [......]
Gold:   221        SH:  0    Dex: 14    Spells: 4 memorised, 1 level left

rFire  . . .     SeeInvis +     a - +1 dagger
rCold  + + +     Clarity  +     b - +1 robe (curse)
rNeg   + + +     SustAb   .     (no shield)
rPois  ∞         Gourm    .     (helmet restricted)
rElec  .         Spirit   .     n - +0 cloak (curse)
rCorr  .         Warding  .     f - +0 pair of gloves (curse)
rMut   .         Stasis   .     (no boots)
MR     +....                    v - amulet "Fero" {Clar rC++ rN+ Int-2} (curse)
Stlth  +++++.....               o - ring of wizardry (curse)
                                t - ring of protection from magic (curse)

@: bloodless, non-regenerating, somewhat resistant to hostile enchantments,
quite stealthy
A: bottle blood, antennae 1, fangs 3, see invisible, clever 1, weak 1,
unbreathing
a: Bat Form, Renounce Religion


You were on level 6 of the Dungeon.
You worshipped Ashenzari.
Ashenzari was noncommittal.
You were bloodless.

You visited 2 branches of the dungeon, and saw 7 of its levels.

You collected 221 gold pieces.

Inventory:

Hand weapons
 a - a +1 dagger (weapon)
Missiles
 l - 4 throwing nets (quivered)
Armour
 b - a cursed +1 robe (worn)
 f - a cursed +0 pair of gloves (worn)
 n - a cursed +0 cloak (worn)
Jewellery
 o - a cursed ring of wizardry (right hand)
 t - a cursed ring of protection from magic (left hand)
 v - the cursed amulet "Fero" (around neck) {Clar rC++ rN+ Int-2}
   (You found it on level 5 of the Dungeon)

   [amulet of clarity]

   It provides mental clarity.
   It affects your intelligence (-2).
   It greatly protects you from cold.
   It protects you from negative energy.
   It has a curse placed upon it.
Magical devices
 j - a wand of teleportation (3)
 u - a wand of enslavement (3)
Scrolls
 e - 3 scrolls of curse armour
 h - a scroll of amnesia {unknown}
 i - 2 scrolls of teleportation {unknown}
 m - 2 scrolls of fear {unknown}
 s - a scroll of enchant armour {unknown}
Potions
 d - 5 potions of curing
 k - a potion of agility
 p - 2 potions of might
 q - a potion of cure mutation {!q}
Books
 c - a book of Maledictions

   Spells                             Type                      Level
   a - Corona                         Hexes                        1
   b - Sure Blade                     Hexes/Charms                 2
   c - Ensorcelled Hibernation        Hexes/Ice                    2
   d - Confuse                        Hexes                        3
   e - Dazzling Spray                 Conjuration/Hexes            3
   f - Enslavement                    Hexes                        4


   Skills:
 + Level 5.7 Short Blades
 - Level 2.1 Dodging
 + Level 9.2 Stealth
 - Level 2.0 Spellcasting
 * Level 10.9 Hexes
 - Level 1.1 Ice Magic


You had one spell level left.
You knew the following spells:

 Your Spells              Type           Power        Failure   Level  Hunger
a - Corona                Hex            #####..      1%          1    #......
b - Enslavement           Hex            #####...     1%          4    #####..
c - Confuse               Hex            #####...     1%          3    ###....
d - Ensorcelled Hibernat  Hex/Ice        ###...       1%          2    ###....


Dungeon Overview and Level Annotations

Branches:
Dungeon (6/15)             Temple (1/1) D:6

Altars:
Ashenzari
Cheibriados
Dithmenos
Elyvilon
Fedhas
Gozag
Kikubaaqudgha
Nemelex Xobeh
Okawaru
Qazlal
Ru
Sif Muna
Trog
Vehumet
Xom
Yredelemnul
Zin
The Shining One


Innate Abilities, Weirdness & Mutations

You do not heal naturally.
You can bottle blood from corpses.
You have razor-sharp teeth.
You have supernaturally acute eyesight.
You can survive without breathing.
You have a pair of small antennae on your head.
Your mind is acute. (Int +2)
You are weak. (Str -2)


Message History

Aim: a phantom (chance 51%)
The phantom appears confused.
* * * LOW MAGIC WARNING * * *
The phantom hits itself.
You hit the phantom.
The phantom is lightly damaged.
The electric eel shoots out a bolt of lightning at you!
The bolt of electricity hits you!
* * * LOW HITPOINT WARNING * * *
The bolt of electricity hits you!
* * * LOW HITPOINT WARNING * * *
You hit the phantom. You bite the phantom.
The phantom is moderately damaged.
The electric eel shoots out a bolt of lightning at you!
The bolt of electricity hits the giant gecko.
The giant gecko dies!
The bolt of electricity hits you!
* * * LOW HITPOINT WARNING * * *
The bolt of electricity hits you!
You die...

....≈≈≈≈≈.#..####
...≈###≈.......######.
##....≈≈≈≈≈#.#.......?....
......≈≈#≈≈..#..#.###.....
......≈ #≈≈..#............
...... #≈≈..#.....##.....
##...% ≈≈≈≈........##..... ..
###;†..........# .
≈≈..###@#†#### .$.
###.###.##†#.# #...l ..#
#.#W#.######## g.).<##g#
#............# ........##
##.#.##.#####.#
......#...###.#..##.#####.###
#(.......W....#..............
.......)..#.#.#.###.#####.###
##..##...##...## #.#####.#


You could see a phantom (confused) and an electric eel.

Vanquished Creatures
  The ghost of barkface the Poker, an average MfGl of Okawaru (D:4)
  An orc warrior (D:4)
  A phantom (D:5)
  Sigmund (D:6)
  Duvessa (D:5)
  Blork the orc (D:4)
  A scorpion (D:6)
  A water moccasin skeleton (D:4)
  Dowan (D:5)
  2 crimson imps (D:5)
  An orc priest (D:3)
  Crazy Yiuf (D:3)
  2 worker ants
  A hound (D:5)
  2 iguanas (D:4)
  Natasha (D:4)
  Ijyb (D:4)
  Terence (D:3)
  A worker ant zombie (D:5)
  14 gnolls
  A shadow imp (D:6)
  4 adders
  2 giant mites
  4 worms
  2 giant geckos
  16 orcs
  3 ball pythons
  A bat skeleton (D:5)
  A bat zombie (D:5)
  4 giant cockroaches
  17 hobgoblins
  9 jackals
  19 kobolds
  10 bats
  A giant cockroach zombie (D:5)
  6 giant newts
  18 goblins
  A jackal skeleton (D:6)
  A quokka zombie (D:6)
  5 rats
161 creatures vanquished.

Vanquished Creatures (others)
  A giant gecko (D:6)
1 creature vanquished.

Grand Total: 162 creatures vanquished

Notes
Turn   | Place    | Note
--------------------------------------------------------------
     0 | D:1      | PolkaDot, the Vampire Enchanter, began the quest for the Orb.
     0 | D:1      | Reached XP level 1. HP: 13/13 MP: 3/3
   445 | D:1      | Reached XP level 2. HP: 19/19 MP: 4/4
   641 | D:1      | Reached skill level 5 in Hexes
   716 | D:1      | Learned a level 2 spell: Ensorcelled Hibernation
  1067 | D:2      | Found an iron altar of Okawaru.
  1192 | D:2      | Reached skill level 1 in Ice Magic
  1707 | D:2      | Reached XP level 3. HP: 12/24 MP: 6/6
  1714 | D:2      | Found a sacrificial altar of Ru.
  2371 | D:3      | Found a shimmering altar of Xom.
  2371 | D:3      | Found a radiant altar of Vehumet.
  2478 | D:3      | Noticed Terence
  2478 | D:3      | Reached skill level 5 in Stealth
  2478 | D:3      | Reached XP level 4. HP: 30/30 MP: 4/7
  2500 | D:3      | Killed Terence
  2500 | D:3      | Reached skill level 6 in Hexes
  3207 | D:3      | Reached XP level 5. HP: 26/35 MP: 1/9
  3358 | D:3      | Learned a level 3 spell: Confuse
  3435 | D:3      | Noticed Crazy Yiuf
  3441 | D:3      | Killed Crazy Yiuf
  3582 | D:4      | Noticed an orc warrior
  3589 | D:4      | Reached skill level 7 in Hexes
  3697 | D:4      | Found a stormy altar of Qazlal.
  3765 | D:4      | Reached XP level 6. HP: 35/41 MP: 6/10
  3899 | D:4      | Upgraded the game from 0.17-a0-15-g0155121 to 0.17-a0-18-gc25b939
  3915 | D:4      | Noticed Ijyb
  3927 | D:4      | Killed Ijyb
  4292 | D:4      | Killed an orc warrior
  4292 | D:4      | Reached skill level 8 in Hexes
  4378 | D:4      | Noticed barkface's ghost (average MfGl)
  4393 | D:4      | Killed barkface's ghost
  4393 | D:4      | Reached XP level 7. HP: 43/46 MP: 9/12
  4469 | D:4      | Noticed Blork the orc
  4476 | D:4      | Killed Blork the orc
  4476 | D:4      | Reached skill level 9 in Hexes
  4484 | D:4      | Learned a level 4 spell: Enslavement
  4511 | D:4      | Noticed Natasha
  4514 | D:4      | Killed Natasha
  5060 | D:4      | Noticed an air elemental
  5060 | D:4      | Noticed a water elemental
  5060 | D:4      | Noticed a fire elemental
  5086 | D:5      | Entered Level 5 of the Dungeon
  5541 | D:5      | Noticed Dowan
  5542 | D:5      | Noticed Duvessa
  5545 | D:5      | Reached skill level 10 in Hexes
  5559 | D:5      | Killed Duvessa
  5559 | D:5      | Reached skill level 5 in Short Blades
  5559 | D:5      | Reached XP level 8. HP: 52/52 MP: 4/13
  5566 | D:5      | Killed Dowan
  5969 | D:5      | Got a faintly glowing copper amulet
  6659 | D:5      | Gained mutation: You are weak. (Str -2) [potion of mutation]
  6659 | D:5      | Gained mutation: Your mind is acute. (Int +2) [potion of mutation]
  6659 | D:5      | Gained mutation: You have a pair of small antennae on your head. [potion of mutation]
  6799 | D:6      | Found a staircase to the Ecumenical Temple.
  6804 | Temple   | Entered the Ecumenical Temple
  6918 | Temple   | Identified the amulet "Fero" {Clar rC++ rN+ Int-2} (You found it on level 5 of the Dungeon)
  6918 | Temple   | Became a worshipper of Ashenzari the Shackled
  6944 | D:6      | Noticed Sigmund
  6959 | D:6      | Killed Sigmund
  7146 | D:6      | Found a snail-covered altar of Cheibriados.
  7405 | D:6      | HP: 1/52 [electric eel/bolt of electricity (10)]
  7405 | D:6      | Killed from afar by an electric eel

Action                   |  1- 3 |  4- 6 |  7- 9 || total
-------------------------+-------+-------+-------++-------
Melee: Dagger            |   103 |   167 |   203 ||   473
Throw: Throwing net      |       |       |     2 ||     2
 Cast: Corona            |     2 |     1 |       ||     3
       Ensorcelled Hiber |    14 |    30 |    54 ||    98
       Confuse           |       |     2 |     4 ||     6
  Use: Scroll            |       |     2 |    11 ||    13
       Potion            |       |       |     1 ||     1
 Stab: Sleeping          |    20 |    33 |    41 ||    94
       Confused          |       |     4 |     1 ||     5
       Held in net/web   |       |       |     1 ||     1
